 Dungeon Crawl Stone Soup version 0.27-a0-1378-gdefffd1ff6 (webtiles) character file.

Game seed: 6943782690847697045

2485 sanka the Magician (level 9, -2/66 HPs)
             Began as a Djinni Artificer on June 29, 2021.
             Killed from afar by a white imp (10 damage)
             ... with a puff of frost
             ... on level 6 of the Dungeon.
             The game lasted 00:20:39 (11216 turns).

sanka the Magician (Djinni Artificer)              Turns: 11216, Time: 00:20:40

Health: -2/66      AC:  5    Str: 11    XL:     9   Next: 81%
Gold:   257        EV: 14    Int: 15    God:
                   SH:  0    Dex: 15

rFire    + + .     SeeInvis .   x - +1 halberd
rCold    x . .     Faith    .   (shield currently unavailable)
rNeg     . . .     Spirit   .   b - +0 leather armour
rPois    ∞         Reflect  .   c - +0 helmet
rElec    .         Harm     .   (no cloak)
rCorr    .         Rampage  .   w - +0 pair of gloves
Will     .....                  (boots unavailable)
Stlth    +.........             (no amulet)
HPRegen  0.21/turn              (no ring)
MPRegen  0.00/turn              (no ring)

@: flying
A: sickness immunity, fire resistance 2, cold vulnerability 1, float, innate
caster, hp casting, extra vitality 1
a: no special abilities


You were on level 6 of the Dungeon.
You visited 2 branches of the dungeon, and saw 7 of its levels.
You also visited: Sewer.

You collected 257 gold pieces.


Innate Abilities, Weirdness & Mutations

You are immune to sickness and miasma.
You are immune to poison.
Your flesh is very heat resistant. (rF++)
You are vulnerable to cold. (rC-)
You float through the air rather than walking.
You learn spells naturally, not from books.
Your magical power is your life essence.
You have superior vitality. (+4 HP)


   Skills:
 - Level 5.7 Fighting
 - Level 1.0 Armour
 - Level 6.5 Dodging
 - Level 0.7 Stealth
 + Level 7.3 Spellcasting
 - Level 3.0 Evocations


You had 12 spell levels left.
You knew the following spells:

 Your Spells              Type           Power      Damage    Failure   Level
c - Teleport Other        Tloc           27%        N/A       2%          3
v - Summon Ice Beast      Ice/Summ       27%        N/A       9%          4
x - Slow                  Hex            27%        N/A       1%          2
z - Sting                 Tmut/Pois      100%       1d8       1%          1
Your spell library was empty.

Inventory:

Hand Weapons
 g - a +0 short sword
 j - a +1 hand axe of freezing
 x - a +1 halberd (weapon)
 z - a +0 long sword
Missiles
 a - 199 stones (quivered)
 r - 11 poisoned darts
Armour
 b - a +0 leather armour (worn)
 c - a +0 helmet (worn)
 s - the +8 chain mail of Valour {rF++ Str-4}

   Str:       It affects your strength (-4).
   rF:        It greatly protects you from fire.
 w - a +0 pair of gloves (worn)
Jewellery
 h - a ring of ice
Wands
 d - a wand of charming (13)
 C - a wand of flame (20)
 F - a wand of polymorph (9)
Scrolls
 k - a scroll of identify {unknown}
 n - a scroll of enchant weapon
 o - a scroll of magic mapping
 p - 3 scrolls of immolation {!r}
 q - a scroll of fog
 y - a scroll of summoning {unknown}
 D - a scroll of holy word {unknown}
 E - 4 scrolls of teleportation {@r4}
 G - a scroll of fear {unknown}
 H - a scroll of blinking {unknown}
Potions
 f - 6 potions of heal wounds {unknown}
 i - 2 potions of invisibility {unknown}
 l - 3 potions of magic {unknown}
 m - 2 potions of haste {unknown}
 t - 2 potions of degeneration {unknown}
 u - a potion of brilliance {unknown}
 v - a potion of lignification {unknown}
 A - 2 potions of might {unknown}
 B - 5 potions of curing {unknown}
Miscellaneous
 e - a piece from Xom's chessboard (15/15)

Dungeon Overview and Level Annotations

Branches:
Dungeon (6/15)             Temple (1/1) D:4           Sewer (visited)

Altars:
Ashenzari
Dithmenos
Elyvilon
Fedhas
Gozag
Hepliaklqana
Kikubaaqudgha
Nemelex Xobeh
Okawaru
Ru
Sif Muna
Trog
Uskayaw
Vehumet
Wu Jian
Xom
Yredelemnul

Shops:
D:6 :

Annotations:
D:3 1 runed translucent door, Crazy Yiuf
D:6 Prince Ribbit

▒.▒ ▒▒▒▒.▒▒▒..▒▒.▒,░,▒...░,░,▒
▒.▒ ▒..........▒.▒░,▒..▒,,░,░▒
▒.▒ ▒....≈.....▒.▒,▒..▒░░,,░,▒
▒.▒▒▒▒▒.†≈≈≈≈≈.≈.▒.▒▒..▒░,░░,,░▒
▒......▒▒▒▒≈▒≈▒5≈..▒..▒░,,,░░,,▒
▒▒▒▒▒▒▒▒≈≈≈≈≈≈≈≈≈.†..▒▒,,,,,,,,▒
▒≈▒▒▒▒▒▒▒▒▒▒▒..▒▒,,,░░,,▒
▒≈≈≈≈≈≈▒.▒ ▒▒..▒░,░░,,░▒
▒▒▒▒≈▒≈▒R▒ ▒.▒).▒░░,,░,░
░≈≈≈S▒≈▒5▒ ▒▒.▒..▒,,░,░░
▒≈▒▒≈▒5▒Y▒ ░.▒,▒...░,░,░
▒≈░≈≈▒†▒≈▒ ▒▒░░░▒▒▒▒░░░░
░≈░≈▒▒≈▒≈▒ ░≈▒≈░▒≈≈≈▒ ░≈▒≈≈▒≈▒▒▒
░░░░░▒▒▒


You could see a white imp (ally target) and a friendly ice beast (summoned).


Message History

* * * LOW HITPOINT WARNING * * *
The ogre barely misses you.
You slash the ogre!
You kill the ogre!
You hear a splash.
You closely miss the white imp. The white imp gestures at you.
The puff of frost misses you.
You slash the white imp!
The white imp is severely wounded.
The white imp gestures at you. The puff of frost hits you.
You feel a terrible chill!
* * * LOW HITPOINT WARNING * * *
You hit the white imp but do no damage.
The white imp is severely wounded.
The white imp misses you. The white imp closely misses you.
You barely miss the white imp.
The white imp is severely wounded.
The white imp gestures at you. The puff of frost hits you!
You feel a terrible chill!
* * * LOW HITPOINT WARNING * * *
A chill wind blows around you.
* * * LOW HITPOINT WARNING * * *
The white imp gestures at you. The puff of frost hits you!
You feel a terrible chill!
You die...

Action                   |  1- 3 |  4- 6 |  7- 9 || total
-------------------------+-------+-------+-------++-------
Melee: Club              |    77 |       |       ||    77
       Short sword       |    20 |       |       ||    20
       Hand axe          |    31 |   135 |     5 ||   171
       Halberd           |       |       |   178 ||   178
 Cast: Sting             |     7 |    28 |   139 ||   174
       Slow              |       |     4 |     6 ||    10
       Summon Ice Beast  |       |       |     3 ||     3
Evoke: Wand              |     3 |    11 |     3 ||    17
  Use: Scroll            |       |       |     7 ||     7
 Stab: Sleeping          |       |     3 |     2 ||     5
       Distracted        |       |       |     1 ||     1
Armor: Leather armour    |    40 |    48 |    57 ||   145
       Chain mail        |       |       |    66 ||    66
Dodge: Dodged            |   125 |   145 |   213 ||   483

Levels and vault maps discovered:
D:1:      kennysheep_arrival_seaside, layout_loops_ring,
          hellmonk_ecumenical_altar_heavens_door, minmay_pentomino_x4
D:2:      layout_rooms, minmay_vboxes
D:3:      layout_basic, overflow_temple_1_default, grunt_ministairs_10,
          uniq_crazy_yiuf_cottage
D:4:      layout_cave_pools, minmay_temple_entry_water_ring, uniq_grinder,
          uniq_pikel
D:5:      layout_rooms, nicolae_kikubaaqudgha_miasma_corner, minivault_14,
          st_stairs_3, kennysheep_flooded_box, uniq_eustachio
D:6:      minmay_diamond_boxcup, layout_basic, regret_index_temple_of_mockery,
          lightli_sewer_entry_pipes, serial_shops, shop, uniq_menkaure,
          uniq_prince_ribbit1
Temple:   oiseaux_autumnal_temple

Notes
Turn   | Place    | Note
-------+----------+-------------------------------------------
     0 | D:1      | sanka the Djinni Artificer began the quest for the Orb.
     0 | D:1      | Reached XP level 1. HP: 17/17 MP: 0/0
   488 | D:1      | Reached XP level 2. HP: 15/22 MP: 0/0
  2047 | D:1      | Reached skill level 2 in Fighting
  2047 | D:1      | Reached skill level 3 in Dodging
  2047 | D:1      | Reached XP level 3. HP: 25/28 MP: 0/0
  2047 | D:1      | Learned a level 1 spell: Sting
  2168 | D:1      | Found a faded altar of an unknown god.
  2766 | D:2      | Reached skill level 1 in Spellcasting
  2812 | D:2      | Reached XP level 4. HP: 33/33 MP: 0/0
  3434 | D:3      | Reached skill level 2 in Spellcasting
  3521 | D:3      | Found a runed translucent door.
  3522 | D:3      | Noticed Crazy Yiuf
  4105 | D:3      | Reached XP level 5. HP: 28/38 MP: 0/0
  4105 | D:3      | Learned a level 2 spell: Slow
  5047 | D:3      | Reached skill level 3 in Spellcasting
  5248 | D:4      | Reached XP level 6. HP: 29/45 MP: 0/0
  5249 | D:4      | Noticed Grinder
  5349 | D:3      | Hi Grinder!
  5818 | D:4      | Paralysed by Grinder for 6 turns
  6034 | D:4      | Killed Grinder
  6035 | D:4      | Reached skill level 3 in Fighting
  6035 | D:4      | Reached skill level 4 in Dodging
  6035 | D:4      | Reached XP level 7. HP: 38/50 MP: 0/0
  6035 | D:4      | Learned a level 3 spell: Teleport Other
  6047 | D:4      | Noticed Pikel
  6179 | D:3      | HP: 1/50 [Pikel (8)]
  6220 | D:3      | Killed Pikel
  6221 | D:3      | Reached skill level 4 in Fighting
  6221 | D:3      | Reached skill level 5 in Dodging
  6221 | D:3      | Reached skill level 4 in Spellcasting
  6221 | D:3      | Reached XP level 8. HP: 6/58 MP: 0/0
  7187 | D:4      | Reached skill level 5 in Fighting
  7307 | D:4      | Reached skill level 6 in Dodging
  7586 | D:4      | Found a staircase to the Ecumenical Temple.
  7603 | Temple   | Entered the Ecumenical Temple
  8218 | D:5      | Entered Level 5 of the Dungeon
  8754 | D:5      | Reached skill level 5 in Spellcasting
  8754 | D:5      | Reached XP level 9. HP: 53/66 MP: 0/0
  8754 | D:5      | Learned a level 4 spell: Summon Ice Beast
  8969 | D:5      | Noticed Eustachio
  8991 | D:5      | Killed Eustachio
  9327 | D:5      | Reached skill level 6 in Spellcasting
  9890 | D:6      | Identified the +8 chain mail of Valour {rF++ Str-4}
  9934 | D:6      | Noticed Prince Ribbit
 10357 | D:6      | Found a glowing drain.
 10373 | Sewer    | Entered a sewer
 10825 | D:6      | Found Viudefeu's Book Shop.
 10966 | D:6      | Found a hazy altar of Hepliaklqana.
 10967 | D:6      | Found a shimmering altar of Xom.
 10968 | D:6      | Noticed a spectral ugly thing
 11001 | D:6      | Reached skill level 7 in Spellcasting
 11216 | D:6      | Killed from afar by a white imp

Vanquished Creatures
  Pikel (D:3)
  Grinder (D:4)
  Eustachio (D:5)
  A water moccasin (D:5)
  2 black bears (D:6)
  2 necrophages
  An ogre (D:6)
  A centaur (D:5)
  A bullfrog (D:6)
  A water moccasin zombie (D:5)
  A scorpion (D:4)
  A water moccasin skeleton (D:5)
  2 howler monkeys
  A bullfrog zombie (D:6)
  A jelly (D:6)
  5 hounds
  A gnoll shaman (D:4)
  5 iguanas
  A hound zombie (D:5)
  11 adders
  7 gnolls
  A howler monkey skeleton (D:6)
  3 river rats
  2 ufetubi
  4 worms
  5 dart slugs
  8 orcs
  9 endoplasms
  2 giant cockroaches
  A goblin (D:1)
  7 hobgoblins
  7 jackals
  8 kobolds
  6 quokkas
  10 ball pythons
  3 bats
  12 frilled lizards
  12 rats
148 creatures vanquished.

Vanquished Creatures (collateral kills)
  A water moccasin (D:6)
1 creature vanquished.

Grand Total: 149 creatures vanquished
